 Dungeon Crawl Stone Soup version 0.28-a0-194-g42b4daccc1 (webtiles) character file.

Game seed: 15300964653093101473

2807 Nattfarinn the Ducker (level 9, -2/78 HPs)
             Began as a Deep Dwarf Necromancer on Aug 18, 2021.
             Was an Initiate of Makhleb.
             Slain by Harold (19 damage)
             ... on level 7 of the Dungeon.
             The game lasted 00:24:01 (9307 turns).

Nattfarinn the Ducker (Deep Dwarf Necromancer)      Turns: 9307, Time: 00:24:02

Health: -2/78      AC:  9    Str: 15    XL:     9   Next: 44%
Magic:  1/18       EV: 19    Int: 16    God:    Makhleb [......]
Gold:   294        SH:  0    Dex: 13    Spells: 16/20 levels left

rFire   . . .      SeeInvis .   l - +2 long sword (holy)
rCold   . . .      Faith    +   (no shield)
rNeg    . . .      Spirit   .   a - +0 robe
rPois   .          Reflect  .   j - +1 helmet
rElec   .          Harm     .   x - +1 cloak
rCorr   +          Rampage  .   (no gloves)
Will    +....                   d - +1 pair of boots
Stlth   ++........              m - amulet of faith
HPRegen 0.00/turn               c - +4 ring of evasion
MPRegen 0.16/turn               u - ring of resist corrosion

@: hasted, very quick
A: damage resistance, heal wounds, sense surroundings 2, no regeneration
a: Heal Wounds, Renounce Religion


You were on level 7 of the Dungeon.
You worshipped Makhleb.
Makhleb was noncommittal.
You visited 2 branches of the dungeon, and saw 8 of its levels.

You collected 294 gold pieces.

Inventory:

Hand Weapons
 i - a +0 vorpal dagger
 l - a +2 long sword of holy wrath (weapon)
 v - a +3 mace of protection
Armour
 a - a +0 robe (worn)
 b - a +0 cloak
 d - a +1 pair of boots (worn)
 j - a +1 helmet (worn)
 x - a +1 cloak (worn)
Jewellery
 c - a +4 ring of evasion (left hand)
 m - an amulet of faith (around neck)
 u - a ring of resist corrosion (right hand)
Wands
 r - a wand of flame (25)
 t - a wand of acid (9)
 A - a wand of charming (6)
Scrolls
 g - 2 scrolls of silence
 h - a scroll of identify
 p - a scroll of vulnerability
 q - a scroll of fog
 s - a scroll of teleportation {unknown}
 y - a scroll of acquirement {unknown}
Potions
 e - a potion of lignification
 f - 4 potions of curing
 k - a potion of haste
 n - a potion of attraction
 o - a potion of mutation {unknown}
 w - a potion of degeneration {unknown}
 z - a potion of cancellation {unknown}
 B - a potion of flight {unknown}


   Skills:
 + Level 4.0 Fighting
 * Level 7.1 Armour
 * Level 7.5 Dodging
 - Level 2.4 Stealth
 - Level 6.0 Spellcasting
 - Level 6.0 Necromancy


You had 16 spell levels left.
You knew the following spells:

 Your Spells              Type           Power      Damage    Failure   Level
a - Pain                  Necr           96%        1d8       1%          1
b - Vampiric Draining     Necr           12%        2d7       3%          3

Your spell library contained the following spells:

 Spells                   Type           Power      Damage    Failure   Level
 Animate Skeleton         Necr           48%        N/A       1%          1
 Animate Dead             Necr           12%        N/A       12%         4
 Corona                   Hex            4%         N/A       14%         1
 Ensorcelled Hibernation  Hex/Ice        8%         N/A       21%         2
 Agony                    Necr           24%        N/A       32%         5
 Tukima's Dance           Hex            4%         N/A       38%         3


Dungeon Overview and Level Annotations

Branches:
Dungeon (7/15)             Temple (1/1) D:4

Altars:
Ashenzari
Cheibriados
Dithmenos
Elyvilon
Fedhas
Gozag
Hepliaklqana
Kikubaaqudgha
Makhleb
Nemelex Xobeh
Okawaru
Qazlal
Ru
Sif Muna
Trog
Uskayaw
Vehumet
Wu Jian
Xom
Zin
The Shining One

Annotations:
D:4 3 runed translucent doors, fjnnd's ghost, amateur GrEE
D:5 Dowan
D:6 2 transporters, Houston's ghost, novice DDFi
D:7 Harold


Innate Abilities, Weirdness & Mutations

You are resistant to damage.
You can heal yourself by infusing magical energy.
You passively map the area around you.
You do not regenerate.


Message History

Harold says, "Do you have any idea what people are willing to pay to have you killed, Nattfarinn?"
Harold misses you.
You riposte.
You closely miss Harold.
Harold is heavily wounded.
Casting: Vampiric Draining (dangerous; 3% risk of failure)
Confirm with . or Enter, or press ? or * to list all spells.
Aiming: Vampiric Draining (dangerous; 3% risk of failure)
Press: ? - help, Shift-Dir - straight line, f/p - Harold
Aim: Harold, wielding a +0 glaive and wearing a +0 scale mail (heavily wounded)
You draw life force from Harold.
You feel life coursing into your body. Harold hits you with a +0 glaive!!
* * * LOW HITPOINT WARNING * * *
Casting: Vampiric Draining (dangerous; 3% risk of failure)
Confirm with . or Enter, or press ? or * to list all spells.
Aiming: Vampiric Draining (dangerous; 3% risk of failure)
Press: ? - help, Shift-Dir - straight line, f/p - Harold
Aim: Harold, wielding a +0 glaive and wearing a +0 scale mail (heavily wounded)
You draw life force from Harold.
You feel life coursing into your body.
You barely miss Harold.
Harold is severely wounded.
Harold misses you.
You hit Harold.
Harold is severely wounded.
Harold closely misses you.
You hit Harold.
Harold is severely wounded.
Harold hits you with a +0 glaive.
* * * LOW HITPOINT WARNING * * *
You hit Harold.
Harold is severely wounded.
Harold hits you with a +0 glaive.
* * * LOW HITPOINT WARNING * * *
Your magical contamination has completely faded away.
You completely miss Harold.
Harold is severely wounded.
Harold closely misses you.
You riposte.
You hit Harold.
Harold is severely wounded.
You hit Harold but do no damage.
Harold is severely wounded.
Harold hits you with a +0 glaive!!
You die...

** ** * , * , *..# * , * ,
** * ..* * , , * #.# ** *
, * * ** #..## ,,,, ** **
* , ....,* * * * * ..### ,
, *,., , #@..# , * *,..##
* ####@..# * ,,,**
####...,*####...(..# , * ,
* 8.8#...###....###..# *
,* ._.# #..........#.....
, , **
...#####................,,
, ......8#................
,####.
._.....'........#####.##
,...#.* ......8#........#
... * ....##
)..#####.......##* , .. *
#....


You could see Harold.

Vanquished Creatures
  A deep elf pyromancer (D:7)
  Pikel (D:6)
  Edmund (D:4)
  A water moccasin (D:5)
  Duvessa (D:5)
  A black bear (D:5)
  A necrophage (D:3)
  A hornet zombie (D:5)
  A sky beast (D:6)
  3 lemures (D:6)
  A phantom (D:6)
  A water moccasin zombie (D:6)
  4 scorpions
  3 killer bees (D:7)
  2 howler monkeys
  4 wights (D:6)
  A bullfrog zombie (D:5)
  2 jellies
  An orc priest (D:3)
  A centaur skeleton (D:4)
  4 iguanas
  An orc wizard (D:3)
  A hound skeleton (D:4)
  A howler monkey skeleton (D:7)
  8 adders
  4 gnolls
  A white imp (D:7)
  5 worms
  5 dart slugs
  11 orcs
  7 bats
  6 endoplasms
  7 giant cockroaches
  6 goblins
  5 hobgoblins
  4 jackals
  8 kobolds
  5 quokkas
  4 ball pythons
  3 frilled lizards
  8 rats
  A spectral kobold (D:5)
137 creatures vanquished.

Notes
Turn   | Place    | Note
-------+----------+-------------------------------------------
     0 | D:1      | Nattfarinn the Deep Dwarf Necromancer began the quest for
                  | the Orb.
     0 | D:1      | Reached XP level 1. HP: 15/15 MP: 3/3
   183 | D:1      | Reached XP level 2. HP: 19/22 MP: 1/5
   621 | D:1      | Reached skill level 5 in Necromancy
   817 | D:1      | Reached XP level 3. HP: 24/28 MP: 0/6
   821 | D:1      | Learned a level 3 spell: Vampiric Draining
  2516 | D:3      | Reached XP level 4. HP: 24/36 MP: 0/7
  3532 | D:3      | Reached XP level 5. HP: 42/42 MP: 0/9
  4494 | D:4      | Noticed a necrophage
  4597 | D:3      | Killed a necrophage
  4598 | D:3      | Reached XP level 6. HP: 30/49 MP: 10/12
  4652 | D:4      | Noticed Edmund
  4703 | D:4      | Found a runed translucent gate.
  4704 | D:4      | Found a runed translucent gate.
  4704 | D:4      | Found a runed translucent gate.
  4705 | D:4      | Found an opulent altar of Gozag.
  4706 | D:4      | Noticed fjnnd's ghost (amateur GrEE)
  4820 | D:4      | Found a staircase to the Ecumenical Temple.
  4826 | Temple   | Entered the Ecumenical Temple
  5122 | D:4      | Reached skill level 5 in Spellcasting
  5211 | D:4      | Noticed a water moccasin
  5694 | D:5      | Entered Level 5 of the Dungeon
  5723 | D:5      | Reached XP level 7. HP: 51/55 MP: 3/15
  5985 | D:5      | Reached skill level 1 in Armour
  6175 | D:5      | Noticed Dowan
  6176 | D:5      | Reached skill level 1 in Fighting
  6176 | D:5      | Noticed Duvessa
  6237 | D:5      | Killed Duvessa
  6359 | D:4      | Killed Edmund
  6360 | D:4      | Reached XP level 8. HP: 11/66 MP: 1/17
  6558 | D:5      | Found a hazy altar of Hepliaklqana.
  6940 | D:5      | HP: 2/67 [hornet zombie (7)]
  6955 | D:5      | HP: 4/100 [hornet zombie (5)]
  6956 | D:5      | HP: 1/100 [hornet zombie (3)]
  7061 | D:5      | Found a stormy altar of Qazlal.
  7541 | D:6      | Reached skill level 5 in Dodging
  7707 | D:6      | Found a transporter.
  7732 | D:6      | Found a transporter.
  7732 | D:6      | Noticed Houston's ghost (novice DDFi)
  7939 | D:6      | Reached skill level 5 in Armour
  8433 | D:6      | Found a radiant altar of Vehumet.
  8433 | D:6      | Found a burning altar of Makhleb.
  8441 | D:6      | Found a faded altar of an unknown god.
  8444 | D:6      | Became a worshipper of Makhleb the Destroyer
  8448 | D:6      | Found a blossoming altar of Fedhas.
  8450 | D:6      | Found a faded altar of an unknown god.
  8503 | D:7      | Noticed Pikel
  8725 | D:6      | Killed Pikel
  8726 | D:6      | Gained mutation: You passively map the area around you.
                  | [Deep Dwarf growth]
  8726 | D:6      | Reached XP level 9. HP: 64/76 MP: 5/18
  8820 | D:7      | Identified the +0 scale mail of Lumokh {rF++ Slay-2}
  8897 | D:7      | Noticed a deep elf pyromancer
  9128 | D:7      | Killed a deep elf pyromancer
  9222 | D:7      | Found a shimmering altar of Xom.
  9225 | D:7      | Found a hazy altar of Hepliaklqana.
  9225 | D:7      | Found a bloodstained altar of Trog.
  9227 | D:7      | Found a white marble altar of Elyvilon.
  9227 | D:7      | Found a hide-covered altar of Uskayaw.
  9227 | D:7      | Found a sacrificial altar of Ru.
  9288 | D:7      | Noticed Harold
  9307 | D:7      | Slain by Harold

Illustrated notes

Levels and vault maps discovered:
D:1:      amcnicky_arrival_underground_garden, layout_rooms, roderic_lattice_a,
          minmay_pentomino_v4
D:2:      layout_loops_ring
D:3:      minmay_recursive_quarters, layout_basic
D:4:      layout_cave_pools, minmay_temple_entry_waves, ebering_ghost_gozag,
          gup_sewer_entry_bowl, uniq_edmund
D:5:      layout_loops_ring, nicolae_hepliaklqana_monster_ancestors,
          grunt_qazlal_sundering, uniq_duvessa
D:6:      layout_basic, chequers_temple_overflow_minitemple,
          gammafunk_ghost_hive
D:7:      layout_rooms, doesnt_xom_only_xom, uniq_harold, uniq_pikel
Temple:   regret_index_temple_generic_petals

Skill      XL: |  1  2  3  4  5  6  7  8  9 |
---------------+----------------------------+-----
Spellcasting   | 2 3 4 5 6 |  6.0
Necromancy     | 5 6 |  6.0
Armour         | 3 6 7 |  7.1
Dodging        | 4 6 7 |  7.5
Fighting       | 1 3 4 |  4.0
Stealth        | |  2.4

Action                   |  1- 3 |  4- 6 |  7- 9 || total
-------------------------+-------+-------+-------++-------
Melee: Unarmed           |    89 |    28 |       ||   117
       Dagger            |       |    93 |    88 ||   181
       Mace              |       |       |   134 ||   134
       Long sword        |       |       |    10 ||    10
 Cast: Pain              |    34 |       |       ||    34
       Vampiric Draining |    31 |    64 |    81 ||   176
  Use: Scroll            |     2 |     4 |     9 ||    15
       Potion            |       |       |    10 ||    10
Armor: Robe              |    26 |    78 |    92 ||   196
       Skin              |       |       |    16 ||    16
Dodge: Dodged            |    78 |   111 |   238 ||   427
       Rpst.: Long sword |       |       |     3 ||     3

Table legend: (Time is in decaauts)
 A = Elapsed time spent in this place.
 B = Non-inter-level travel time spent in this place.
 C = Inter-level travel time spent in this place.
 D = Time resting spent in this place.
 E = Time spent auto-exploring this place.
 F = Levels seen in this place.
 G = Mean time per level.
                   A        B        C        D        E       F      G
               +--------+--------+--------+--------+--------+-----+--------+
         Total |   9356 |   9006 |    350 |    725 |   6263 |   8 | 1169.5 |
       Dungeon |   9082 |   8768 |    314 |    690 |   6063 |   7 | 1297.4 |
        Temple |    274 |    238 |     36 |     35 |    200 |   1 |  274.0 |
               +--------+--------+--------+--------+--------+-----+--------+

Top non-repeatable levels by time:
     D:3: 1856 daAuts
     D:6: 1632 daAuts
     D:2: 1538 daAuts
     D:5: 1404 daAuts
     D:4: 1208 daAuts
     D:1: 1100 daAuts
     D:7: 340 daAuts
  Temple: 274 daAuts
